Map: Jagannatha LE

Players

rottenorange

  • Race: Zerg Zerg
  • League: Silver
  • Spawn Location: 7:00

Vasyl - Winner!

  • Race: Terran Terran
  • League: Platinum
  • Spawn Location: 1:00

VOD

Have the link to the VOD?

Description

Time

  • Played on: Oct. 10, 2020, 4:52 p.m.
  • Length: 10:45
Show
View Real Time Build Order
Export as new Build Order

rottenorange Zerg 

Build Orders: Hatch First 

Get SALT Encoding   

  12  0:00  Drone  
  13  0:13  Overlord  
  13  0:17  Drone  
  14  0:32  Drone x2  
  16  0:36  Drone  
  17  0:54  Hatchery  
  16  1:02  Drone  
  17  1:05  Extractor  
  16  1:13  Spawning Pool  
  16  1:15  Drone  
  16  1:22  Drone  
  16  1:23  Drone  
  18  1:31  Drone  
  19  1:41  Drone  
  20  1:52  Drone  
  21  2:08  Queen  
  21  2:09  Queen  
  26  2:15  Zergling x4  
  26  2:17  Metabolic Boost  
  27  2:26  Overlord, Drone  
  28  2:47  Drone x4  
  32  2:53  Queen  
  34  3:04  Hatchery  
  33  3:19  Zergling x6  
  36  3:22  Overlord x2  
  36  3:39  Roach Warren  
  33  4:04  Roach Warren  
  33  4:05  Lair  
  33  4:07  Drone  
  33  4:08  Drone x12  
  45  4:14  Extractor  
  45  4:16  Extractor  
  43  4:18  Spore Crawler  
  43  4:19  Spore Crawler  
  43  4:21  Roach  
  43  4:24  Roach  
  43  4:29  Roach  
  44  4:48  Roach  
  44  4:49  Roach x3  
  44  4:51  Queen  
  55  4:52  Drone  
  55  4:53  Drone x2  
  57  5:05  Overlord x2  
  57  5:16  Evolution Chamber  
  57  5:19  Drone  
  57  5:20  Drone  
  58  5:22  Overlord x2  
  58  5:41  Spore Crawler  
  55  5:45  Queen  
  57  5:53  Spore Crawler  
  57  5:56  Spore Crawler  
  47  6:15  Drone x6  
  45  6:28  Spore Crawler  
  45  6:29  Queen  
  46  6:36  Roach  
  46  6:37  Roach x12  
  72  6:40  Glial Reconstitution  
  72  6:52  Drone  
  72  6:53  Drone x3  
  76  7:14  Drone  
  76  7:15  Drone x2  
  79  7:25  Queen  
  79  7:27  Drone x3  
  79  7:28  Drone  
  79  7:29  Drone  
  86  7:30  Drone x3  
  86  7:31  Drone  
  80  8:01  Pneumatized Carapace  
  76  8:06  Spore Crawler  
  76  8:07  Spore Crawler  
  76  8:08  Spore Crawler  
  73  8:18  Hydralisk Den  
  72  8:22  Extractor  
  72  8:24  Spore Crawler  
  66  8:36  Roach  
  66  8:37  Roach x6  
  72  8:56  Drone x4  
  70  9:04  Hydralisk x2  
  70  9:05  Hatchery  
  53  9:21  Hydralisk x3  
  50  9:36  Hydralisk x3  
  50  9:41  Hydralisk  
  46  10:09  Hydralisk x3  
Show
View Real Time Build Order
Export as new Build Order

Vasyl Terran - Winner!

Build Orders: 1/1/1 

Get SALT Encoding   

  12  0:00  SCV  
  13  0:12  SCV  
  14  0:17  Supply Depot  
  14  0:24  SCV  
  15  0:39  SCV  
  15  0:40  Barracks  
  16  0:48  Refinery  
  16  0:53  SCV, Refinery  
  17  1:05  SCV  
  18  1:17  SCV  
  19  1:29  Orbital Command  
  19  1:34  Factory  
  19  1:44  Supply Depot  
  19  1:55  SCV  
  20  2:07  SCV  
  21  2:18  Command Center  
  21  2:27  Starport  
  21  2:30  SCV  
  21  2:33  Marine  
  23  2:37  Factory Tech Lab  
  23  2:42  SCV  
  24  2:54  SCV  
  24  2:57  Siege Tank  
  28  3:06  SCV  
  27  3:18  Starport Tech Lab  
  26  3:25  Fusion Core  
  26  3:29  SCV  
  27  3:42  Supply Depot  
  27  3:52  SCV  
  28  3:55  Supply Depot  
  28  4:04  SCV, Marine  
  30  4:14  Battlecruiser  
  30  4:15  Refinery  
  36  4:19  Weapon Refit  
  36  4:22  SCV  
  37  4:48  Orbital Command  
  37  4:50  SCV  
  38  4:56  Refinery  
  38  5:00  Starport  
  38  5:02  SCV  
  40  5:14  SCV  
  40  5:26  SCV  
  41  5:32  Battlecruiser  
  47  5:38  SCV x2  
  49  5:45  Supply Depot  
  49  5:50  SCV x2  
  49  5:52  Starport Tech Lab  
  51  6:02  SCV x2  
  53  6:14  SCV, Battlecruiser  
  60  6:45  Battlecruiser  
  66  6:53  Engineering Bay  
  66  7:07  Armory  
  66  7:16  Armory  
  66  7:29  Command Center  
  66  7:31  Refinery  
  66  7:35  Refinery  
  66  7:47  Battlecruiser  
  70  8:28  Command Center  
  70  8:38  Missile Turret, Refinery  
  66  9:35  Battlecruiser x2  
  66  9:38  Supply Depot  
  78  10:00  Supply Depot  
  63  10:23  Supply Depot  
Tags
 
Matchup
TvZ
Replay Pack
replays
Spawn Locations
Cross Positions
Add a new tag
Caveats
  • Supply blocks, unpowered buildings, or Contaminate may cause inaccurate times.
  • Supply counts are checked every 10 seconds.